 Dungeon Crawl Stone Soup version 0.23.1 (webtiles) character file.

Game seed: 13813074966674509819

163 Borgoz the Sneak (level 5, -3/41 HPs)
             Began as a Ghoul Enchanter on Mar 4, 2019.
             Killed by divine providence
             ... invoked by an orc priest
              (14 damage)
             ... on level 3 of the Dungeon.
             The game lasted 00:07:39 (3874 turns).

Borgoz the Sneak (Ghoul Enchanter)                  Turns: 3874, Time: 00:07:40

Health: -3/41      AC:  5    Str: 12    XL:     5   Next: 44%
Magic:  3/6        EV: 11    Int: 10    God:
Gold:   178        SH:  0    Dex: 10    Spells: 1/7 levels left

rFire    . . .     SeeInvis .   k - +0 short sword
rCold    + . .     Gourm    .   (no shield)
rNeg     + + +     Faith    .   a - +0 ring mail
rPois    ∞         Spirit   .   (no helmet)
rElec    .         Reflect  .   (no cloak)
rCorr    .         Harm     .   (no gloves)
MR       .....                  (no boots)
Stlth    ++........             (no amulet)
HPRegen  0.00/turn              (no ring)
MPRegen  0.10/turn              (no ring)

@: very slightly contaminated, rotting
A: rotting body, claws 1, carnivore, cold resistance 1, negative energy
resistance 3, inhibited regeneration, torment resistance, unbreathing
a: no special abilities


You were on level 3 of the Dungeon.
You were not hungry.

You visited 1 branch of the dungeon, and saw 4 of its levels.

You collected 178 gold pieces.

Inventory:

Hand Weapons
 k - a +0 short sword (weapon)
Missiles
 f - 4 needles of sleeping
 g - 3 tomahawks (quivered)
 u - 2 needles of frenzy
Armour
 a - a +0 ring mail (worn)
Wands
 s - a wand of paralysis (7)
Scrolls
 b - a scroll of blinking {unknown}
 h - 2 scrolls of remove curse {unknown}
 i - a scroll of immolation {unknown}
 l - 2 scrolls of identify {unknown}
 m - a scroll of random uselessness {unknown}
 o - 3 scrolls of teleportation {unknown}
 r - a scroll of magic mapping {unknown}
Potions
 c - 2 potions of heal wounds
 e - a potion of curing
 j - a potion of brilliance {unknown}
 q - 2 potions of lignification
 t - a potion of agility {unknown}
Comestibles
 d - 6 rations


   Skills:
 + Level 2.0 Fighting
 * Level 2.7 Short Blades
 + Level 1.4 Armour
 + Level 2.4 Dodging
 + Level 4.1 Stealth
 - Level 1.7 Spellcasting
 - Level 2.4 Hexes


You had one spell level left.
You knew the following spells:

 Your Spells              Type           Power        Failure   Level  Hunger
a - Corona                Hex            #......      26%         1    ##.....
b - Ensorcelled Hibernat  Hex/Ice        #.....       54%         2    ###....
c - Confuse               Hex            #.......     61%         3    ####...

Your spell library contained the following spells:

 Spells                   Type           Power        Failure   Level  Hunger
 Tukima's Dance           Hex            #.......     61%         3    ####...
 Dazzling Spray           Conj/Hex       #.....       78%         3    ####...


Dungeon Overview and Level Annotations

Branches:
Dungeon (4/15)
 Temple: D:4-7

Altars:
Fedhas
Uskayaw
Vehumet


Innate Abilities, Weirdness & Mutations

Your body is rotting away.
You thrive on raw meat.
You are immune to poison.
You have sharp fingernails.
You are carnivorous and can eat meat at any time.
Your flesh is cold resistant. (rC+)
You are immune to negative energy. (rN+++)
You do not regenerate when monsters are visible.
You are immune to unholy pain and torment.
You can survive without breathing.


Message History

The orc priest is heavily wounded.
The orc priest hits you but does no damage.
You hit the orc priest but do no damage.
The orc priest is heavily wounded.
The orc priest hits you but does no damage.
You hit the orc priest but do no damage.
The orc priest is heavily wounded.
The orc priest hits you with a +0 dagger.
You barely miss the orc priest.
The orc priest is heavily wounded.
The orc priest barely misses you.
You hit the orc priest.
The orc priest is severely wounded.
The orc priest hits you with a +0 dagger.
* * * LOW HITPOINT WARNING * * *
You completely miss the orc priest.
The orc priest is severely wounded.
The orc priest invokes the aid of Beogh against you.
Beogh smites you!
You die...

##..##..........####### #.
#..###....).....# #. #.##
#.....(....# ## ##.#
#....#.##############
#..####.#....#.........#...
#.###..(#................##
#.##..##.[.###.........####
#######........#o#
#.........####
..........##....@#
#.............
.............#####
#.........####
..........#### #.........#
..........# #.........#
^.........# ###########
###########


You could see an orc priest.

Vanquished Creatures
  6 adders
  3 gnolls
  An ooze (D:3)
  2 dart slugs
  6 leopard geckos
  3 orcs (D:3)
  8 bats
  2 giant cockroaches (D:1)
  3 goblins
  8 hobgoblins (D:1)
  4 jackals
  6 kobolds
  3 frilled lizards
  10 rats
65 creatures vanquished.

Notes
Turn   | Place    | Note
-------+----------+-------------------------------------------
     0 | D:1      | Borgoz the Ghoul Enchanter began the quest for the Orb.
     0 | D:1      | Reached XP level 1. HP: 14/14 MP: 2/2
    11 | D:1      | Reached skill level 1 in Short Blades
   172 | D:1      | You fall through a shaft!
   187 | D:1      | Reached XP level 2. HP: 22/22 MP: 3/3
   623 | D:1      | Reached skill level 1 in Fighting
   667 | D:1      | Reached XP level 3. HP: 26/28 MP: 4/4
   709 | D:1      | Learned a level 2 spell: Ensorcelled Hibernation
  1144 | D:2      | Found a radiant altar of Vehumet.
  1426 | D:2      | HP: 1/28 [adder (1)]
  1428 | D:2      | Reached skill level 1 in Armour
  1428 | D:2      | Reached XP level 4. HP: 2/35 MP: 0/5
  1614 | D:2      | You fall through a shaft for 2 floors!
  1969 | D:4      | Learned a level 3 spell: Confuse
  2762 | D:3      | Reached skill level 4 in Stealth
  2821 | D:3      | Reached XP level 5. HP: 28/41 MP: 6/6
  3127 | D:3      | Found a hide-covered altar of Uskayaw.
  3222 | D:4      | Found a blossoming altar of Fedhas.
  3240 | D:4      | Noticed a phantom
  3874 | D:3      | Killed from afar by an orc priest

Skill      XL: |  1  2  3  4  5 |
---------------+----------------+-----
Short Blades   | 1 2 |  2.7
Dodging        | 2 |  2.4
Fighting       | 1 2 |  2.0
Armour         | 1 |  1.4
Stealth        | 4 |  4.1
Spellcasting   | |  1.7
Hexes          | |  2.4

Action                   |  1- 3 |  4- 6 || total
-------------------------+-------+-------++-------
Melee: Dagger            |    69 |       ||    69
       Short sword       |   110 |   244 ||   354
 Cast: Corona            |     2 |       ||     2
       Ensorcelled Hiber |     1 |     1 ||     2
  Use: Potion            |     1 |     4 ||     5
 Stab: Sleeping          |     6 |     1 ||     7
  Eat: Chunk             |     9 |     6 ||    15
Armor: Robe              |    13 |       ||    13
       Ring mail         |    69 |    89 ||   158
Dodge: Dodged            |   166 |   147 ||   313
